 Dungeon Crawl Stone Soup version 0.28.0-53-g5a82cb258f (webtiles) character file.

Game seed: 7204774053986289562

68719 Holdthepickle the Slicer (level 14, -12/128 (132) HPs)
             Began as a Minotaur Berserker on May 23, 2022.
             Was a High Priest of Trog.
             Mangled by a sun demon (15 damage)
             ... summoned by an orc sorcerer
             ... on level 2 of the Orcish Mines.
             The game lasted 01:00:40 (27423 turns).

Holdthepickle the Slicer (Minotaur Berserker)      Turns: 27423, Time: 01:00:43

HP:   -12/128 (132) AC: 24    Str: 26    XL:     14   Next: 87%
MP:   13/13         EV: 12    Int: 10    God:    Trog [*****.]
Gold: 2296          SH:  9    Dex: 11    Spells: 13/13 levels left

rFire   . . .      SeeInvis .   g - +7 war axe "Atyvon" {drain, rC+}
rCold   + + +      Faith    .   b - +0 kite shield
rNeg    . . .      Spirit   .   y - +2 chain mail of the Depths {Rampage rC+ Int+2}
rPois   +          Reflect  .   (helmet restricted)
rElec   .          Harm     .   O - +2 cloak
rCorr   .          Rampage  +   L - +2 pair of gloves
Will    +....                   R - +1 pair of boots
Stlth   ..........              G - amulet of regeneration
HPRegen 1.11/turn               e - ring of Qidy {rC+ Int+4 Slay+4}
MPRegen 0.13/turn               v - ring of poison resistance

@: on berserk cooldown, slowed, lightly drained, very slow
A: horns 2, retaliatory headbutt
a: Renounce Religion, Berserk, Trog's Hand, Brothers in Arms


You were on level 2 of the Orcish Mines.
You worshipped Trog.
Trog was extremely pleased with you.
You visited 5 branches of the dungeon, and saw 21 of its levels.

You collected 2506 gold pieces.
You spent 210 gold pieces at shops.

Inventory:

Hand Weapons
 g - the +7 war axe "Atyvon" (weapon) {drain, rC+}
   (You found it on level 3 of the Lair of Beasts)

   A truly terrible weapon, it drains the life of any living foe it strikes.
   rC:        It protects you from cold.
 r - a +4 short sword
Missiles
 l - 2 throwing nets
 N - 6 poisoned darts
 Z - 6 atropa-tipped darts (quivered)
Armour
 b - a +0 kite shield (worn)
 y - the +2 chain mail of the Depths (worn) {Rampage rC+ Int+2}
   (You found it on level 5 of the Dungeon)

   Int:       It affects your intelligence (+2).
   rC:        It protects you from cold.
   Rampage:   It bestows one free step when moving towards enemies.
 L - a +2 pair of gloves (worn)
 O - a +2 cloak (worn)
 R - a +1 pair of boots (worn)
Jewellery
 d - a ring of positive energy
 e - the ring of Qidy (left hand) {rC+ Int+4 Slay+4}
   (You acquired it on level 1 of the Snake Pit)

   [ring of slaying]

   Int:       It affects your intelligence (+4).
   Slay:      It affects your accuracy & damage with ranged weapons and melee
   (+4).
   rC:        It protects you from cold.
 h - an amulet of guardian spirit
 q - a ring of fire
 s - a ring of protection from cold
 t - a ring of resist corrosion
 u - a ring of protection from cold
 v - a ring of poison resistance (right hand)
 B - a ring of fire
 G - an amulet of regeneration (around neck)
 J - the ring "Earthly Heaven" {Ice Str+6}
   (You found it on level 8 of the Dungeon)

   [ring of ice]

   It enhances your ice magic.
   Str:       It affects your strength (+6).
   rF:        It makes you vulnerable to fire.
   rC:        It protects you from cold.
 P - a +6 ring of strength
 W - a +4 ring of evasion
Wands
 o - a wand of iceblast (18)
 p - a wand of flame (16)
 F - a wand of paralysis (12)
 I - a wand of polymorph (15)
 K - a wand of charming (8)
Scrolls
 j - 5 scrolls of magic mapping
 k - a scroll of fog
 m - 11 scrolls of teleportation
 z - a scroll of holy word
 E - a scroll of brand weapon
 S - 2 scrolls of silence
 T - 2 scrolls of enchant weapon
Potions
 c - 3 potions of curing
 f - a potion of flight {unknown}
 i - 2 potions of mutation
 n - 3 potions of cancellation
 w - 5 potions of ambrosia
 x - 4 potions of attraction
 A - a potion of invisibility {unknown}
 C - 4 potions of heal wounds {unknown}
 H - 3 potions of degeneration {unknown}
 M - a potion of lignification {unknown}
 Q - 3 potions of might
 Y - a potion of magic {unknown}
Miscellaneous
 a - a piece from Xom's chessboard (15/15)


   Skills:
 + Level 14.2 Fighting
 - Level 14.5 Short Blades
 * Level 10.0(10.5) Axes
 - Level 4.7(8.0) Maces & Flails
 + Level 6.1 Throwing
 + Level 13.8 Armour
 + Level 12.8 Dodging
 + Level 7.3 Shields


You had 13 spell levels left.
You didn't know any spells.
Your spell library was empty.

Dungeon Overview and Level Annotations

Branches:
Dungeon (11/15)            Temple (0/1) D:6            Lair (6/6) D:10
 Shoals (0/4) Lair:4        Snake (1/4) Lair:2        Slime (1/5) Lair:6
    Orc (2/2) D:10            Elf (0/3) Orc:2

Altars:
Ashenzari
Dithmenos
Elyvilon
Fedhas
Trog
Wu Jian
Xom
Zin
Beogh

Shops:
D:4 [   D:7 !

Portals:
Trove: D:10 (give 2 scrolls of acquirement)


Innate Abilities, Weirdness & Mutations

You have a pair of horns on your head.
You reflexively headbutt those who attack you in melee.


Message History

The bolt of negative energy hits the red devil.
The red devil completely resists.
Things that are here:
a +0 war axe; a +0 plate armour; an orc corpse You feel less confused.
The red devil barely misses you. You furiously retaliate!
You headbutt the red devil.
The orc sorcerer casts a spell.
The red devil misses you.
Things that are here:
a +0 scimitar; a rat skeleton Read: scroll of fear
Press: ? - help, Q - select action, (/) - cycle Dir - look around, f - activate Look: an orc sorcerer, wielding a +0 dagger and wearing a +0 robe (strong, chance to affect: 90%)
As you read the scroll of fear, it crumbles to dust.
You assume a fearsome visage.
The red devil looks frightened!
The sun demon resists with almost no effort.
The orc sorcerer looks frightened!
The orc knight looks frightened! x2
The orc wizard looks frightened!
The orc priest looks frightened!
The orc knight looks frightened!
The orc sorcerer looks frightened!
The orc high priest looks frightened!
The orc wizard casts a spell.
The orc wizard flickers and vanishes!
Deactivating autopickup; reactivate with Ctrl-A.
You closely miss the orc knight.
Your attack snaps the orc knight out of its fear.
You headbutt the orc knight!
The orc knight is lightly wounded.
You strike the helpless orc sorcerer from behind!
You slash the orc sorcerer! You drain the orc sorcerer.
Your attack snaps the orc sorcerer out of its fear.
You closely miss the sun demon. The sun demon misses you.
The orc knight hits you with a +1 vorpal war axe!!!
* * * LOW HITPOINT WARNING * * *
x2 The sun demon hits you.
* * * LOW HITPOINT WARNING * * *
You are engulfed in flames!
You die...

##... ##### ..##..$.#.
##...###
..#.#.....##.....3##
.$.......##..4..@o.###
.........#.)..##)))..#
........##.).####oo..#
........#....##o.){oo.#
......$.....##.÷÷÷.÷÷.÷#
..$)#.#.....##....o..o.#
....))......###÷.o☼....#
.)).))......# #..÷.....#
...)........# #.÷..÷...#


You could see 3 orc knights, an orc high priest (strong, fleeing), a sun demon
(summoned), 2 orc sorcerers, a red devil (summoned, fleeing), an orc priest
(strong, fleeing) and an orc (strong).

Vanquished Creatures
  Jorgrun (Snake:1)
  Gastronok (Lair:2)
  A dire elephant (Lair:2)
  A fire dragon (Lair:1)
  Erolcha (Orc:1)
  3 catoblepae
  5 hydras
  An anaconda (Snake:1)
  14 death yaks (Lair:4)
  2 two-headed ogres
  2 orc high priests (Orc:2)
  Nergalle (Lair:2)
  2 fire crabs
  A lindwurm (Lair:2)
  2 orc knights (Orc:2)
  3 orc sorcerers (Orc:2)
  2 salamanders (Snake:1)
  8 black mambas
  12 elephants
  2 torpor snails
  9 cane toads
  Psyche (D:10)
  2 rime drakes
  11 komodo dragons
  A guardian mummy (D:10)
  3 trolls
  A queen bee (Lair:2)
  5 polar bears
  3 dream sheep (Lair:5)
  12 blink frogs
  7 hornets
  Grinder (D:6)
  A slime creature (Lair:6)
  11 spriggans (Lair:6)
  3 shadows
  5 wyverns
  45 yaks
  A basilisk (Lair:5)
  5 wargs
  2 acid dragons
  3 nagas
  17 water moccasins
  A hornet zombie (D:8)
  A sky beast (D:5)
  2 ice beasts (D:5)
  A necrophage (D:4)
  15 ogres
  15 orc warriors
  5 black bears
  35 wolves
  4 boggarts (Lair:6)
  3 centaurs
  7 bullfrogs
  A gnoll sergeant (D:8)
  3 scorpions
  A water moccasin zombie (D:7)
  29 killer bees
  14 wights (D:8)
  2 electric eels (Lair:1)
  4 howler monkeys
  6 centaur zombies
  3 hounds
  16 orc priests
  5 jellies
  A bullfrog skeleton (D:4)
  An iguana (D:5)
  17 orc wizards
  4 hell rats (Lair:3)
  A killer bee zombie (D:7)
  A hound zombie (D:5)
  A howler monkey zombie (D:5)
  A howler monkey skeleton (D:5)
  10 adders
  8 gnolls
  2 shadow imps
  2 white imps
  An ufetubus (D:5)
  2 worms
  2 dart slugs
  59 orcs
  9 bats
  8 endoplasms
  5 giant cockroaches
  6 goblins
  10 hobgoblins
  4 jackals (D:1)
  5 kobolds
  2 quokkas
  11 ball pythons
  3 frilled lizards
  5 rats
  A toadstool (D:1)
569 creatures vanquished.

Vanquished Creatures (collateral kills)
  An orc warrior (Orc:2)
1 creature vanquished.

Vanquished Creatures (others)
  A wizard (D:9)
  A bullfrog (Lair:2)
  56 fungi
  63 plants
  12 toadstools
133 creatures vanquished.

Grand Total: 703 creatures vanquished

Notes
Turn   | Place    | Note
-------+----------+-------------------------------------------
     0 | D:1      | Holdthepickle the Minotaur Berserker began the quest for
                  | the Orb.
     0 | D:1      | Reached XP level 1. HP: 19/19 MP: 0/0
   390 | D:1      | Reached XP level 2. HP: 27/27 MP: 1/1
   888 | D:1      | Found a faded altar of an unknown god.
   900 | D:1      | Reached XP level 3. HP: 26/33 MP: 2/2
  1686 | D:2      | Reached ** piety under Trog
  2624 | D:3      | Reached XP level 4. HP: 32/41 MP: 3/3
  3801 | D:3      | Reached XP level 5. HP: 46/47 MP: 2/4
  4078 | D:4      | Found Maacom's Antique Armour Shoppe.
  4110 | D:4      | Found a white marble altar of Elyvilon.
  4179 | D:4      | Noticed an ogre
  4186 | D:4      | Killed an ogre
  4187 | D:4      | Reached skill level 5 in Fighting
  4187 | D:4      | Reached skill level 1 in Short Blades
  4742 | D:4      | Reached XP level 6. HP: 56/56 MP: 5/5
  4800 | D:4      | Reached *** piety under Trog
  5187 | D:5      | Entered Level 5 of the Dungeon
  5435 | D:5      | Noticed an ice beast
  5444 | D:5      | Killed an ice beast
  5446 | D:5      | Identified the +2 chain mail of the Depths {Rampage rC+
                  | Int+2}
  5484 | D:5      | Reached XP level 7. HP: 61/61 MP: 6/6
  5604 | D:5      | Reached skill level 5 in Armour
  5812 | D:5      | Noticed a shadow
  5812 | D:5      | Noticed a two-headed ogre
  5818 | D:5      | Reached skill level 5 in Dodging
  5820 | D:5      | Killed a shadow
  5821 | D:5      | Reached skill level 5 in Short Blades
  5821 | D:5      | Reached XP level 8. HP: 71/71 MP: 5/7
  5825 | D:5      | Killed a two-headed ogre
  6304 | D:5      | Found a broken altar of Ashenzari.
  6902 | D:6      | Reached XP level 9. HP: 79/79 MP: 6/8
  7239 | D:6      | Found the +7 staff of the Meek {protect, meekguard}
  7462 | D:6      | Noticed Grinder
  7484 | D:6      | Killed Grinder
  7521 | D:6      | Found a staircase to the Ecumenical Temple.
  7576 | D:6      | Reached **** piety under Trog
  8086 | D:7      | Found a glowing silver altar of Zin.
  8235 | D:7      | Found a shadowy altar of Dithmenos.
  9249 | D:7      | Found Titelut's Distillery.
  9314 | D:8      | Paralysed by a hornet for 1 turns
  9496 | D:8      | Reached XP level 10. HP: 20/89 MP: 3/9
 10020 | D:8      | Identified the ring "Earthly Heaven" {Ice Str+6}
 10738 | D:8      | Identified the +0 leather armour of Urphuimni {Dex+3}
 11665 | D:9      | Reached skill level 10 in Short Blades
 12078 | D:9      | Found an ornate altar of the Wu Jian Council.
 12167 | D:9      | Found a bloodstained altar of Trog.
 12171 | D:9      | Noticed a wizard
 12175 | D:9      | Killed a wizard
 12845 | D:10     | Entered Level 10 of the Dungeon
 13010 | D:10     | Found a staircase to the Orcish Mines.
 13322 | D:10     | Identified the +1 robe of Yredelemnul's Esteem {rF+}
 13329 | D:10     | Found a portal to a secret trove of treasure.
 13529 | D:4      | Bought a runed cloak for 210 gold pieces
 13814 | D:10     | Noticed a two-headed ogre
 13824 | D:10     | Killed a two-headed ogre
 14294 | D:10     | Noticed Psyche
 14317 | D:10     | Reached skill level 10 in Fighting
 14329 | D:10     | Reached XP level 11. HP: 93/99 MP: 10/10
 14348 | D:10     | Killed Psyche
 14422 | D:10     | Found a staircase to the Lair.
 14635 | Lair:1   | Entered Level 1 of the Lair of Beasts
 14684 | D:10     | HP: 2/100 [komodo dragon (19)]
 15383 | Lair:1   | Reached skill level 10 in Armour
 15696 | Lair:1   | Found a shimmering altar of Xom.
 15882 | Lair:1   | Noticed an eight-headed hydra
 15890 | Lair:1   | Killed an eight-headed hydra
 16822 | Lair:1   | Noticed a fire dragon
 16850 | Lair:1   | Killed a fire dragon
 17272 | Lair:2   | Noticed a four-headed hydra
 17274 | Lair:2   | Noticed a four-headed hydra
 17278 | Lair:2   | Killed a four-headed hydra
 17296 | Lair:2   | Reached skill level 10 in Dodging
 17306 | Lair:2   | Killed a four-headed hydra
 17307 | Lair:2   | Reached XP level 12. HP: 89/110 MP: 6/11
 17558 | Lair:2   | Noticed a catoblepas
 17609 | Lair:2   | Killed a catoblepas
 18044 | Lair:2   | Noticed a dire elephant
 18066 | Lair:2   | Found a runed translucent door.
 18163 | Lair:2   | Noticed Gastronok
 18179 | Lair:2   | Killed Gastronok
 18900 | Lair:2   | Noticed Nergalle
 18903 | Lair:2   | Found a staircase to the Snake Pit.
 18919 | Lair:2   | Killed Nergalle
 19302 | Lair:2   | Killed a dire elephant
 19336 | Lair:2   | Identified the +2 leather armour of the Dozen Knaves {+Inv
                  | rElec rPois Dex-3}
 19870 | Lair:3   | Reached skill level 1 in Shields
 19876 | Lair:3   | Reached skill level 1 in Throwing
 19966 | Lair:3   | Identified the +7 war axe "Atyvon" {drain, rC+}
 20384 | Lair:4   | Reached skill level 1 in Axes
 20391 | Lair:4   | Reached XP level 13. HP: 119/119 MP: 12/12
 20825 | Lair:4   | Reached skill level 5 in Axes
 21239 | Lair:4   | Found a staircase to the Shoals.
 22488 | Lair:6   | Entered Level 6 of the Lair of Beasts
 22537 | Lair:6   | Reached skill level 5 in Shields
 22656 | Lair:6   | Reached XP level 14. HP: 100/129 MP: 13/13
 22826 | Lair:6   | Reached ***** piety under Trog
 22904 | Lair:6   | Received a gift from Trog
 22969 | Lair:6   | Reached skill level 5 in Throwing
 23716 | Lair:6   | Found a staircase to the Slime Pits.
 23862 | Lair:6   | Found a blossoming altar of Fedhas.
 24574 | Slime:1  | Entered Level 1 of the Pits of Slime
 24574 | Slime:1  | Noticed an acid blob
 24574 | Slime:1  | Noticed an acid blob
 24574 | Slime:1  | Noticed a rockslime
 24779 | Snake:1  | Entered Level 1 of the Snake Pit
 25025 | Snake:1  | Identified a scroll of acquirement
 25025 | Snake:1  | Acquired the ring of Qidy {rC+ Int+4 Slay+4}
 25182 | Snake:1  | Noticed Jorgrun
 25193 | Snake:1  | Killed Jorgrun
 26041 | Orc:1    | Entered Level 1 of the Orcish Mines
 26332 | Orc:1    | Noticed Erolcha
 26376 | Orc:1    | Killed Erolcha
 27157 | Orc:2    | Entered Level 2 of the Orcish Mines
 27365 | Orc:2    | Paralysed by an orc sorcerer for 3 turns
 27369 | Orc:2    | Found a staircase to the Elven Halls.
 27389 | Orc:2    | Received a gift from Trog
 27410 | Orc:2    | Reached skill level 10 in Axes
 27423 | Orc:2    | HP: 4/128 [orc knight/+1 vorpal war axe (8)]
 27423 | Orc:2    | Mangled by a sun demon

Illustrated notes

Levels and vault maps discovered:
D:1:      ldierk_water_garden, layout_loops_corners,
          nicolae_ecumenical_snake_handling, minmay_misc_feat_diagonals,
          minmay_misc_feat_tiny, chequers_serial_rivers_large_b,
          minmay_misc_feat_square
D:2:      layout_basic, st_stairs_9, hangedman_decor_diamond_cutter,
          chequers_big_river
D:3:      minmay_chambers_of_twos, layout_basic, minmay_between
D:4:      layout_basic, elyvilon_altar_1, serial_shops,
          nicolae_shop_behind_doors, due_unseen_surprise
D:5:      layout_loops_corners, marbit_many_paths, minmay_divided_ellipse
D:6:      layout_gridville, minmay_temple_entry_tees, hangedman_decor_growths,
          pf_guarded_unrand_meek, uniq_grinder
D:7:      layout_cave_pods, lemuel_round_altar,
          mainiacjoe_overflow_cross_hatched, serial_shops,
          kennysheep_little_box, st_stairs_2
D:8:      minmay_skewed_foursquare, layout_rooms, serial_curves, eino_curves_04,
          eino_curves_02, chequers_arboretum, st_stairs_13
D:9:      layout_basic, nicolae_overflow_crystal_walls, trog_wizard,
          serial_aquarium, aquarium_bridge_long_separate
          [aquarium_subvault_wall, aquarium_subvault_wall,
          aquarium_subvault_bridge, aquarium_subvault_window,
          aquarium_subvault_bridge, aquarium_subvault_bridge],
          aquarium_window_fake, aquarium_window_1, aquarium_window_2,
          aquarium_window_corner, aquarium_view_2c, aquarium_view_2f,
          aquarium_balcony_1a
D:10:     layout_big_octagon, lair_entry_dummy, erik_orc_3,
          nicolae_trove_entry_path_of_doom, uniq_psyche
D:11:     layout_long_grid, gammafunk_ghost_icy, minmay_strange_pillars
Lair:1:   dragon1_lemuel, layout_regular_city, basic_altar, serial_bayou_pond_b,
          serial_bayou_lagoon_a, nicolae_quartered_pool_impasse,
          serial_bayou_pond_c
Lair:2:   gammafunk_lair_enchanted_lake, layout_hall_layers,
          guppyfry_snake_entry_garden, special_room [special_room_bee],
          uniq_gastronok, uniq_nergalle
Lair:3:   layout_long_grid, gauntlet_entry_generic, grunt_megastairs_1
Lair:4:   layout_roguey, shoals_dummy_entry, grunt_megastairs_5,
          infiniplex_staircase_pool_2, lemuel_fruit_fields
Lair:5:   layout_roguey
Lair:6:   minmay_lair_end_enchanted_forest, layout_regular_city,
          minmay_slime_entry_pillars, basic_altar, hibernation_bobbens,
          grunt_megastairs_4
Snake:1:  layout_honeycomb, nicolae_snake_biting_tails,
          nicolae_snake_salamander_fort, uniq_louise, uniq_jorgrun
Slime:1:  layout_caves
Orc:1:    layout_caves, uniq_erolcha
Orc:2:    grunt_orc_tribal_feast, layout_caves, minmay_orc_temple_c

Skill      XL: |  1  2  3  4  5  6  7  8  9 10 11 12 13 14 |
---------------+-------------------------------------------+-----
Maces & Flails | 4 |  4.7
Fighting       | 4 5 6 7 8 10 11 12 13 14 | 14.2
Armour         | 3 4 5 6 8 9 10 12 13 | 13.8
Dodging        | 3 4 5 6 7 8 10 11 12 | 12.8
Short Blades   | 2 3 5 7 9 11 13 14 | 14.5
Shields        | 2 5 7 |  7.3
Throwing       | 1 4 6 |  6.1
Axes           | 1 7 10 | 10.0

Action                   |  1- 3 |  4- 6 |  7- 9 | 10-12 | 13-15 || total
-------------------------+-------+-------+-------+-------+-------++-------
Melee: Mace              |    81 |    57 |       |       |       ||   138
       Headbutt          |     8 |    13 |    51 |   177 |   118 ||   367
       Punch             |       |     1 |     3 |    16 |     8 ||    28
       Short sword       |       |    35 |   245 |   801 |       ||  1081
       War axe           |       |       |       |    22 |   549 ||   571
Invok: Berserk           |       |     3 |     6 |    21 |    12 ||    42
       Trog's Hand       |       |       |       |     2 |     1 ||     3
       Brothers in Arms  |       |       |       |     1 |     1 ||     2
  Use: Potion            |       |       |     1 |     5 |    10 ||    16
       Scroll            |       |       |       |    17 |    14 ||    31
 Stab: Petrified         |       |       |       |     1 |     7 ||     8
       Distracted        |       |       |       |       |     1 ||     1
       Fleeing           |       |       |       |       |     1 ||     1
Armor: Animal skin       |     8 |    17 |       |       |       ||    25
       Chain mail        |       |       |    92 |   374 |   406 ||   872
Dodge: Dodged            |    49 |    51 |   132 |   361 |   449 ||  1042
Block: Kite shield       |       |       |       |       |    17 ||    17
